[Event "Late-Titled-Tuesday-Blitz-October-03-2023"]
[Site "Chess.com"]
[Date "2023.10.03"]
[Round "11"]
[White "GAusal"]
[Black "esskeettit"]
[Result "0-1"]
[WhiteElo "2282"]
[BlackElo "2464"]
[TimeControl "180+1"]
[EndTime "16:03:07 PDT"]
[Termination "esskeettit won on time"]

1. d4 Nf6 2. Nf3 e6 3. Bf4 d5 4. e3 Bd6 5. Bxd6 Qxd6 6. c4 O-O 7. cxd5 exd5 8. Nc3 Bg4 9. Be2 c6 10. Ne5 Bxe2 11.
Qxe2 Nbd7 12. f4 Rfe8 13. O-O Nf8 14. Rae1 N6d7 15. Rf3 f6 16. Ng4 Re7 17. Rg3 Rae8 18. Qd3 Ng6 19. Nd1 Nxf4 20. Qf5 Ng6 21. Rh3 Ndf8 22.
Rf1 Re4 23. Ngf2 R4e7 24. Ng4 c5 25. Nc3 cxd4 26. exd4 Re1 27. Qxd5+ Qxd5 28. Nxd5 Rxf1+ 29. Kxf1 Rd8 30. Nge3 Ne6 31. Ke2 Nef4+ 32. Kf3 Nxd5 33. Nxd5 Rxd5 34. Ke4 Rd8 35. Rc3 Rd7 36. g3 Ne7 37.
b4 Nc6 38. Rc4 f5+ 39. Kxf5 Nxd4+ 40. Ke5 Nc6+ 41. Ke6 Rd4 42. Rc1 Rxb4 43. Rd1 h6 44.
Rd7 Rb2 45. h4 b6 46. h5 Rxa2 47. Rc7 Nd4+ 48. Ke5 Ne2 49. g4 b5 50. Kf5 Ra3 51. Kg6 Kf8 52. Rc8+ Ke7 53. Kxg7 Rg3 54. Rc7+ Ke6 55.
Rxa7 Rxg4+ 56. Kxh6 Nd4 57. Kh7 b4 58. h6 b3 59. Rg7 Rh4 60. Kg6 Nf5 61. Rb7 Rxh6+ 62.
Kg5 Rh3 63. Kg4 Rc3 64. Rb6+ Nd6 65. Kf4 Kd5 0-1

[Event "Late-Titled-Tuesday-Blitz-October-03-2023"]
[Site "Chess.com"]
[Date "2023.10.03"]
[Round "11"]
[White "Zhigalko_Sergei"]
[Black "KaydenTroffChess"]
[Result "0-1"]
[WhiteElo "2950"]
[BlackElo "2804"]
[TimeControl "180+1"]
[EndTime "16:03:08 PDT"]
[Termination "KaydenTroffChess won on time"]

1. e4 c5 2. c3 g6 3. d4 cxd4 4. cxd4 d5 5. e5 Nc6 6. Nf3 Bg7 7. Bb5 Nh6 8. O-O O-O 9. Bxc6 bxc6 10. Re1 Bg4 11.
Nbd2 f6 12. h3 Bxf3 13. Nxf3 Nf7 14. Bf4 fxe5 15. Nxe5 Nxe5 16. Bxe5 Bxe5 17. Rxe5 Qd7 18. Qe2 Rf7 19. Re1 Kf8 20. h4 Rb8 21. h5 Rb7 22. b3 Qd6 23. Re6 Qf4 24. hxg6 hxg6 25. Rxg6 Qxd4 26. Rxc6 Rb6 27. Rxb6 axb6 28. Rd1 Qc5 29.
Qd2 e6 30. a4 Ke7 31. Rc1 Qd6 32. b4 Qf4 33. Qb2 Qf6 34. Qxf6+ Rxf6 35. Rc6 b5 36. axb5 Rf4 37. b6 Rxb4 38. g3 Kd7 39. Rc7+ Kd6 40. Rc8 Rxb6 41. Kg2 Ke5 42. g4 Rb4 43. Kg3 Rb1 44. Re8 Rg1+ 45. Kf3 Kf6 46.
Rf8+ Ke5 47. Re8 Rb1 48. Rf8 Rb3+ 49. Kg2 Rb1 50. g5 Rb7 51. Kg3 Rb1 52. Kg2 Rb7 53. Kg3 Rb1 54. Re8 Kf5 55. Re7 Rg1+ 56. Kh4 Rg4+ 57. Kh3 Rxg5 58. Rf7+ Ke4 59. f3+ Ke3 60.
Kh4 Rf5 61. Re7 e5 62. Kg4 Rf4+ 63. Kg5 Kd4 64. Ra7 Rxf3 65. Kg4 Rf4+ 66. Kg3 Ke4 67. Ra4+ d4 68. Ra8 Rf3+ 69. Kg4 Rf7 70. Kg5 d3 71.
Ra4+ Ke3 72. Ra7 Rxa7 0-1

[Event "Late-Titled-Tuesday-Blitz-October-03-2023"]
[Site "Chess.com"]
[Date "2023.10.03"]
[Round "11"]
[White "Beca95"]
[Black "Abund"]
[Result "1-0"]
[WhiteElo "3003"]
[BlackElo "2786"]
[TimeControl "180+1"]
[EndTime "16:03:11 PDT"]
[Termination "Beca95 won on time"]

1. e4 e5 2. Nf3 Nc6 3. Bb5 Nf6 4. d3 Bc5 5. Bxc6 dxc6 6. h3 Be6 7. Nc3 Bd6 8. Be3 Qe7 9. a4 a5 10. Bd2 h6 11. Ne2 Nd7 12. b3 b6 13. Ng3 g6 14.
O-O Bc5 15. Qc1 h5 16. Bg5 f6 17. Be3 h4 18. Ne2 g5 19. Nh2 Bd6 20. f3 c5 21.
Ng4 Nb8 22. Nc3 Nc6 23. Nd5 Bxd5 24. exd5 Nb4 25. c4 O-O-O 26. Qd2 Rdg8 27. Rfe1 f5 28. Nh2 Qf6 29. Bf2 Rg7 30. Rad1 Rhg8 31. Qe2 Kb7 32. Kh1 Na6 33. Qd2 Nb8 34. Re2 Nd7 35. Rde1 Re7 36.
Qc3 Qg7 37. Qb2 Rge8 38. Be3 Nf6 39. Qd2 Nh5 40. Bxg5 Ng3+ 41. Kg1 Nxe2+ 42. Rxe2 Rf7 43.
Bxh4 Rg8 44. Kh1 Qh7 45. Bg5 Rfg7 46. h4 Qh5 47. Kg1 Be7 48. f4 Bxg5 49. hxg5 exf4 50. Nf3 Rh7 51. Qxf4 Qg4 52. Qe5 Rd7 53. Qe6 Rdd8 54. Kf2 Rge8 55. Qxe8 Rxe8 56. Rxe8 f4 57. Re6 Qf5 58. Re4 Qg4 59. Re5 Qg3+ 60. Kf1 Qg4 61. Re7 Qf5 62. Ke2 Kc8 63. Re6 Qg4 64. Kf2 Qf5 65. Re8+ Kb7 66. Re4 Kc8 67. Kf1 Qg4 68. Re5 Qh5 69. Re6 Qg4 70. g6 1-0

[Event "Late-Titled-Tuesday-Blitz-October-03-2023"]
[Site "Chess.com"]
[Date "2023.10.03"]
[Round "11"]
[White "Iball95"]
[Black "Aswathchess"]
[Result "1-0"]
[WhiteElo "2776"]
[BlackElo "2606"]
[TimeControl "180+1"]
[EndTime "16:03:13 PDT"]
[Termination "Iball95 won by resignation"]

1. e4 g6 2. d4 Bg7 3. Nf3 d6 4. Nc3 a6 5. Be3 b5 6. h4 h6 7. e5 Bb7 8. Bd3 e6 9. Be4 Bxe4 10. Nxe4 dxe5 11. Nxe5 Bxe5 12. dxe5 Qxd1+ 13. Rxd1 Nd7 14. f4 Ne7 15. Ke2 Nd5 16. c3 O-O-O 17. Kf3 h5 18. Rd2 Rhf8 19. Rhd1 f6 20. exf6 N7xf6 21. g3 Nxe4 22.
Kxe4 c6 23. Bd4 Rf7 24. Be5 Rfd7 25. Bd4 c5 26. Be5 Nf6+ 27. Ke3 Rxd2 28. Rxd2 Rxd2 29. Kxd2 Ne4+ 30. Kd3 Nxg3 31. c4 Nf5 32. Bf6 Kd7 33.
b3 Kc6 34. Bg5 Nd6 35. Be7 bxc4+ 36. bxc4 Nc8 37. Bf6 Kb6 38. Bd8+ Kc6 39. Bf6 Nd6 40. Be7 Kd7 41. Bf6 Ke8 42. Be5 Nf5 43. Bf6 Kf7 44. Bd8 Nd6 45. Bg5 Ke8 46. Bf6 Kd7 47. Be5 Nf7 48.
Bf6 a5 49. Kc3 Nd6 50. Kb3 Ne4 51. Be5 Nd2+ 52. Kc3 Nf3 53. Bf6 a4 54. Kd3 Ng1 55. Ke3 Nh3 56. Kf3 Ke8 57. Be5 Ng1+ 58. Kf2 Nh3+ 59.
Kg2 Nxf4+ 60. Bxf4 Ke7 61. Kf3 Kf6 62. Ke4 a3 63. Bg5+ Kf7 64. Ke5 Ke8 65. Kxe6 Kf8 66. Kd6 Kg7 67. Kxc5 Kf7 68. Kb4 Kg7 69. Kxa3 Kf7 70.
Kb4 Ke6 71. a4 Kf5 72. a5 1-0

[Event "Late-Titled-Tuesday-Blitz-October-03-2023"]
[Site "Chess.com"]
[Date "2023.10.03"]
[Round "11"]
[White "LeninGuerra"]
[Black "arminmusovic"]
[Result "1/2-1/2"]
[WhiteElo "2581"]
[BlackElo "2505"]
[TimeControl "180+1"]
[EndTime "16:03:18 PDT"]
[Termination "Game drawn - insufficient material"]

1. e4 c6 2. c4 e6 3. Nf3 Bb4 4. a3 Ba5 5. b4 Bc7 6. Bb2 Nf6 7. e5 Ng8 8. c5 Ne7 9. Bd3 h6 10. O-O a5 11. Nc3 b6 12. Ne4 Kf8 13. Nh4 Ba6 14.
Qf3 Bxd3 15. Qxd3 Nd5 16. Qg3 axb4 17. axb4 Na6 18. b5 Nxc5 19. Rxa8 Qxa8 20. Ba3 d6 21.
exd6 Nxe4 22. dxc7+ Kg8 23. Qe5 Nef6 24. Qd6 Nxc7 25.
bxc6 Nb5 26. Qb4 Nxa3 27. Ra1 Qxc6 28. Qxa3 Kh7 29. Qd3+ Qe4 30. Qxe4+ Nxe4 31. Nf3 Rd8 32. Ra2 g5 33. h3 Rd6 34. Kf1 Kg7 35. Ke2 b5 36.
Rb2 Rb6 37. Rb4 Nd6 38. Nd4 e5 39. Nb3 f5 40. Nc5 Kf7 41. Nd7 Ra6 42. Nxe5+ Ke6 43.
Nf3 Kd5 44. Ne1 Ra4 45. Rb2 b4 46. Nd3 Kc4 47. Rc2+ Kd4 48. Rc6 Ne4 49. Rb6 h5 50.
Rxb4+ Rxb4 51. Nxb4 g4 52. Nc2+ Ke5 53. hxg4 fxg4 54.
Ke3 Nf6 55. Nb4 h4 56. Nc6+ Kf5 57. Nd4+ Ke5 58. f4+ Kd5 59. Nf5 h3 60. gxh3 gxh3 61. Kf3 h2 62. Ne3+ Kd4 63. Kg2 Ke4 64. f5 Kd3 65.
Nf1 Ke2 66. Ng3+ Kxd2 67. Kxh2 Ke3 68. Kh3 Kf4 69. Kh4 Nd5 70. Kh5 Kxg3 71. Kg5 Kf3 72.
f6 Nxf6 1/2-1/2

[Event "Late-Titled-Tuesday-Blitz-October-03-2023"]
[Site "Chess.com"]
[Date "2023.10.03"]
[Round "11"]
[White "marik_spb"]
[Black "Ducke13"]
[Result "1-0"]
[WhiteElo "2398"]
[BlackElo "2468"]
[TimeControl "180+1"]
[EndTime "16:03:19 PDT"]
[Termination "marik_spb won on time"]

1. d4 Nf6 2. c4 g6 3. Nf3 Bg7 4.
g3 c5 5. Bg2 cxd4 6. Nxd4 O-O 7. O-O Nc6 8. Nc3 Qa5 9. Rb1 d6 10.
Nxc6 bxc6 11. Bxc6 Rb8 12. Qa4 Qh5 13. Bg2 Ng4 14.
h4 Bxc3 15. Qxa7 Be6 16. Bg5 Bf6 17. Bxf6 exf6 18. b3 Qe5 19. e3 h5 20. Qd4 f5 21.
a4 Qc5 22. Rfd1 Rfd8 23. Qxc5 dxc5 24. Rxd8+ Rxd8 25. a5 Bc8 26. b4 cxb4 27. Rxb4 Ba6 28. Bd5 Ne5 29. f4 Ng4 30. Rb6 Bxc4 31. Bxc4 Nxe3 32. Rxg6+ Kf8 33. Rc6 Rd2 34. a6 Nxc4 35.
a7 Ra2 36. Rc8+ Ke7 37. a8=Q Rxa8 38. Rxa8 Nd2 39. Kf2 Kf6 40. Ra6+ Kg7 41. Ke3 Ne4 42. Kf3 Nd2+ 43. Ke2 Ne4 44. Ra3 Kg6 45. Kf3 Nd2+ 46.
Kg2 Ne4 47. Ra4 Kf6 48. Rd4 Kg6 49. Kf3 Kf6 50. Rxe4 fxe4+ 51. Kxe4 Ke6 52. f5+ Ke7 53. Ke5 f6+ 54. Kd5 Kd7 55. Kc5 Kc7 56. Kd5 Kd7 57.
Ke4 Kd6 58. Kf4 Ke7 59. g4 hxg4 60. Kxg4 Kf7 61. Kf4 Kg7 62. Ke4 Kf7 63. Kd5 Ke7 64.
Kc5 Kd7 65. h5 Ke7 66. Kc6 Kf7 67. Kd6 Kg7 68. Ke6 Kh6 69. Kxf6 Kh7 70. Ke6 Kg7 71. f6+ Kg8 72. h6 1-0

[Event "Late-Titled-Tuesday-Blitz-October-03-2023"]
[Site "Chess.com"]
[Date "2023.10.03"]
[Round "11"]
[White "Bala-Afiada"]
[Black "campochess"]
[Result "1/2-1/2"]
[WhiteElo "1936"]
[BlackElo "2131"]
[TimeControl "180+1"]
[EndTime "16:03:24 PDT"]
[Termination "Game drawn - insufficient material"]

1. d4 Nf6 2. c4 g6 3. Nc3 d5 4. cxd5 Nxd5 5. e4 Nxc3 6. bxc3 Bg7 7. Be3 c5 8. Bc4 O-O 9. Ne2 Qc7 10. Rc1 Rd8 11.
O-O Nc6 12. f3 Rb8 13. Bf4 e5 14. Bg5 Rd7 15. d5 b5 16. Bb3 c4 17. Bc2 Na5 18.
Be3 Bf8 19. Qe1 Bc5 20. Qf2 Bxe3 21. Qxe3 Nb7 22. f4 Re7 23. Rb1 Nd6 24. f5 Qb6 25. Qxb6 Rxb6 26. f6 Reb7 27. g4 b4 28. cxb4 Rxb4 29.
Rxb4 Rxb4 30. Rb1 Rxb1+ 31. Bxb1 g5 32. h3 Ne8 33. Nc3 Nxf6 34. Nb5 h5 35. Nxa7 Bd7 36. Nc6 hxg4 37. hxg4 Nxg4 38. a4 Kf8 39. a5 Bc8 40. Nb8 Ke7 41. a6 Kd8 42. a7 Bb7 43. Nc6+ Kc7 44.
Na5 c3 45. Bd3 Ne3 46. Nb3 c2 47. Kf2 Nd1+ 48. Ke2 Nc3+ 49. Kd2 Na4 50. Kxc2 Kb6 51. Nd2 Kxa7 52. Nc4 f6 53. Be2 Nc5 54. d6 Bxe4+ 55. Kc3 Bf5 56. d7 Nxd7 57. Nd6 Kb6 58. Nxf5 Kc5 59. Bg4 Nb6 60. Kd3 Nd5 61. Ke4 Nf4 62.
Nh6 Ng2 63. Ng8 Ne1 64. Nxf6 Kd6 65. Kf5 Nd3 66. Ne4+ Kd5 67. Kxg5 Nf4 68. Bf5 Ng2 69. Kf6 Ne3 70. Bg6 Kd4 71. Ng5 Nd5+ 72. Ke6 Nc3 73.
Nf7 e4 74. Bxe4 Kxe4 1/2-1/2

[Event "Late-Titled-Tuesday-Blitz-October-03-2023"]
[Site "Chess.com"]
[Date "2023.10.03"]
[Round "11"]
[White "Denis_Makhnyov"]
[Black "nihalsarin"]
[Result "0-1"]
[WhiteElo "2951"]
[BlackElo "3073"]
[TimeControl "180+1"]
[EndTime "16:03:33 PDT"]
[Termination "nihalsarin won on time"]

1. f4 a6 2. Nf3 b5 3. a4 Bb7 4. e3 b4 5. b3 Nf6 6. Bb2 g6 7. d3 Bg7 8. Nbd2 O-O 9. Qe2 c5 10. g3 d6 11. Bg2 Nbd7 12. O-O Rc8 13. Nc4 Nb6 14. Nxb6 Qxb6 15. Kh1 a5 16. Rae1 Rfd8 17. e4 Ne8 18. e5 e6 19. g4 Qc7 20. f5 Bxf3 21.
Qxf3 d5 22. h4 Qd7 23. Bh3 c4 24. Bd4 cxd3 25. cxd3 Rc2 26. fxe6 fxe6 27. g5 Qe7 28. Qg4 Rc6 29. Rf2 Bf8 30. Ref1 Ng7 31. Rf6 Nf5 32. Bf2 Bg7 33. h5 Bxf6 34. gxf6 Qf7 35. Rg1 Kf8 36.
Qf4 Ke8 37. Kg2 Kd7 38. Bxf5 gxf5 39. Qe3 Rg8+ 40. Kf1 Rxg1+ 41. Kxg1 Qxh5 42. Qa7+ Rc7 43. Qb6 Rc1+ 44. Kg2 Qg4+ 45. Kh2 Qh5+ 46. Kg2 Qg4+ 47. Kh2 Qf4+ 48. Kg2 Qxe5 49. f7 Qg7+ 50. Kh2 Qh6+ 51. Kg2 Qg6+ 52. Kh2 Qxf7 53. Qxa5 Qh5+ 54. Kg2 Qg4+ 55.
Kh2 Qh5+ 56. Kg2 f4 57. Qa7+ Rc7 58. Qd4 Qg4+ 59. Kh2 Qf3 60. Qg7+ Kc6 61. Qd4 Kd7 62. Qg7+ Kc6 63. Qd4 Qh5+ 64. Kg2 Qg4+ 65. Kh2 Rg7 66. Qb6+ Kd7 67. Qb7+ Ke8 68. Qc8+ Kf7 69. Qd7+ Kg6 70. Qe8+ Kh6 0-1

[Event "Late-Titled-Tuesday-Blitz-October-03-2023"]
[Site "Chess.com"]
[Date "2023.10.03"]
[Round "11"]
[White "TheMagician"]
[Black "KNVB"]
[Result "0-1"]
[WhiteElo "2270"]
[BlackElo "2697"]
[TimeControl "180+1"]
[EndTime "16:03:46 PDT"]
[Termination "KNVB won by checkmate"]

1. c4 e5 2. d3 Nf6 3. Nc3 Nc6 4. g3 d5 5. cxd5 Nxd5 6. Bg2 Be6 7. Nf3 Be7 8. O-O O-O 9. Ne4 f6 10. a3 a5 11. Qc2 Qd7 12. Nc5 Bxc5 13. Qxc5 Rfd8 14. Bd2 b6 15. Qc2 Nde7 16. Bc3 a4 17. Nd2 Bd5 18. Rfc1 Bxg2 19. Kxg2 Qd5+ 20. Kg1 Rd7 21. b4 axb3 22. Qxb3 Qxb3 23. Nxb3 Ra4 24. Bb2 Kf7 25. Rc2 Na5 26. Nxa5 Rxa5 27. Rac1 c6 28. Bc3 Ra4 29.
Bb4 c5 30. Bxc5 bxc5 31. Rxc5 Rxa3 32. Rc7 Ra7 33. Rxa7 Rxa7 34. Kf1 Rd7 35. Rc5 Ke6 36. f4 Rd5 37. Rc7 Rd7 38. Rc2 Nd5 39. f5+ Kf7 40. Ra2 Ne3+ 41. Kf2 Nxf5 42. g4 Nd4 43. e3 Ne6 44.
Ke2 Nc5 45. Ra3 Kg6 46. Rc3 Nxd3 47. h4 h5 48. Kf3 hxg4+ 49. Kxg4 Nf2+ 50. Kf3 Nd3 51. Kg4 f5+ 52. Kf3 e4+ 53. Kg3 Kf6 54. Rc6+ Kf7 55. h5 Re7 56. h6 gxh6 57. Rxh6 Re6 58.
Rh7+ Kg6 59. Ra7 Kg5 60. Rg7+ Rg6 61. Ra7 Kf6+ 62. Kh4 Rg1 63. Ra6+ Ke5 64. Ra5+ Ke6 65. Ra6+ Kd5 66. Ra5+ Nc5 67. Kh5 Kc4 68. Ra3 Kb4 69. Ra7 Rf1 70. Rf7 Rf3 71. Kh4 Nb3 72. Rb7+ Kc3 73.
Rc7+ Kb2 74. Rb7 Rxe3 75. Kg5 Rf3 76. Rh7 Kc3 77. Rh2 Kd3 78. Rb2 Nd4 79. Rb8 e3 80. Re8 e2 81. Kh4 Re3 82. Rxe3+ Kxe3 83. Kg5 e1=Q 84. Kf6 Qg3 85. Ke7 Qe5+ 86. Kd7 Qe6+ 87. Kc7 Qc6+ 88. Kd8 Qb7 89. Ke8 Ke4 90. Kf8 Ke5 91. Kg8 Kf6 92. Kh8 Qg7# 0-1

[Event "Late-Titled-Tuesday-Blitz-October-03-2023"]
[Site "Chess.com"]
[Date "2023.10.03"]
[Round "11"]
[White "NMJeevanK"]
[Black "I_am_Javi"]
[Result "1/2-1/2"]
[WhiteElo "2584"]
[BlackElo "2738"]
[TimeControl "180+1"]
[EndTime "16:03:52 PDT"]
[Termination "Game drawn by stalemate"]

1. e4 e5 2. Nf3 Nc6 3. Be2 g6 4.
d3 Bg7 5. O-O h6 6. Nbd2 Nge7 7.
Nc4 O-O 8. Ne3 d6 9. c3 f5 10. exf5 gxf5 11. Nc2 Ng6 12. Nfe1 d5 13. Bh5 Nce7 14.
f4 e4 15. d4 Be6 16. Ne3 Qd6 17. a4 Nxf4 18. Nc4 dxc4 19. Bxf4 Qd7 20. Qd2 Kh7 21. Nc2 Nd5 22. Ne3 Nxf4 23. Rxf4 Be5 24. Rh4 f4 25. Ng4 Bg7 26. Rf1 e3 27. Qe2 Qe7 28. Rh3 Qg5 29. Kh1 c6 30. Qc2+ Bf5 31. Qe2 Bd3 32. Qf3 Bxf1 33. Qxf1 b5 34. axb5 cxb5 35.
Qf3 Qf5 36. Qf1 Qd3 37. Qe1 Qd2 38. Qb1+ Qd3 39. Qe1 b4 40. Rf3 bxc3 41. bxc3 a5 42. Rf1 a4 43. h3 a3 44. Nh2 a2 45. Qa1 Rfb8 46. Bf3 Qxf1+ 47. Nxf1 Rb1 48. Be4+ Kh8 49. Bxb1 axb1=Q 50. Qxb1 Bf8 51. Qe1 Re8 52. Qe2 Bg7 53. h4 Re4 54. Kh2 Re7 55. Kh3 Bf6 56. Kg4 Rg7+ 57.
Kxf4 Bxh4 58. Nxe3 Bg5+ 59. Kf5 Re7 60. Qxc4 Rxe3 61. Qc8+ Kg7 62. Qd7+ Re7 63. Qc6 Rf7+ 64. Kg4 Rf4+ 65. Kg3 Rf6 66. Qc7+ Kg6 67. Qd7 h5 68. Kh3 h4 69. Qe8+ Kh6 70. Qe4 Rf4 71. Qxf4 Bxf4 72. Kxh4 Bd2 73. c4 Be3 74. d5 Bc5 75. Kg4 Kg6 76. Kf4 Kf6 77. g4 Bd6+ 78. Ke4 Bc5 79. g5+ Kxg5 80. Ke5 Kg6 81. Ke6 Kg7 82. d6 Kf8 83.
Kd7 Kf7 84. Kc6 Bb4 85. d7 Ba5 86. c5 Ke7 87. Kb5 Kxd7 88. Kxa5 Kc6 89. Kb4 Kc7 90.
Kc4 Kc6 91. Kd4 Kc7 92. Kd5 Kd7 93. c6+ Kc7 94. Kc5 Kc8 95. Kd6 Kd8 96. Kd5 Kc7 97.
Kc5 Kc8 98. Kb6 Kb8 99. c7+ Kc8 100. Kc6 1/2-1/2

[Event "Late-Titled-Tuesday-Blitz-October-03-2023"]
[Site "Chess.com"]
[Date "2023.10.03"]
[Round "11"]
[White "Garmendiarov"]
[Black "elmusmolamas"]
[Result "1/2-1/2"]
[WhiteElo "2357"]
[BlackElo "2523"]
[TimeControl "180+1"]
[EndTime "16:04:01 PDT"]
[Termination "Game drawn - insufficient material"]

1. d4 d5 2. Bf4 Nf6 3. e3 Nc6 4. Nf3 Bg4 5. Nbd2 e6 6. Bd3 Bd6 7. c3 O-O 8. O-O e5 9. dxe5 Nxe5 10. Be2 Re8 11. Nxe5 Bxe2 12. Qxe2 Bxe5 13. Bxe5 Rxe5 14. Nf3 Re8 15. Rad1 Qe7 16. Nd4 c6 17. h3 Rad8 18. Qf3 Qe4 19. Rd2 Qxf3 20. gxf3 Nd7 21. Kg2 Nc5 22.
b3 g6 23. Rfd1 Kg7 24. Ne2 Ne6 25. Nd4 Nxd4 26. Rxd4 Rc8 27. e4 dxe4 28. fxe4 Rc7 29. f3 c5 30. Rd7 Re7 31. Rxe7 Rxe7 32. c4 b6 33. Rd6 f5 34. exf5 Re2+ 35. Kg3 Rxa2 36.
fxg6 hxg6 37. Kg4 Kf7 38. f4 Rb2 39. Rd7+ Kf6 40. Rxa7 Rxb3 41. Rc7 Rb4 42. Rc6+ Kf7 43. Kg5 Rxc4 44. Rxb6 Rc1 45. Rf6+ Ke7 46. Kxg6 c4 47. Rc6 Kd7 48. Rc5 Kd6 49. Rc8 Kd7 50. Ra8 c3 51. Ra4 Kd6 52. Rc4 Kd5 53. Rc8 c2 54. Kf6 Ke4 55.
f5 Kf4 56. h4 Kg4 57. h5 Kxh5 58. Kf7 Kg4 59. f6 Kg5 60. Kg7 Kf5 61. Kf7 Ke5 62. Ke7 Kd5 63. Kf8 Rf1 64. Rxc2 Rxf6+ 65. Ke7 Rf5 66.
Rd2+ Ke4 67. Re2+ Kd3 68. Ra2 Rf4 69. Ra3+ Kc2 70. Ra2+ Kb3 71. Ra7 Rh4 72. Rb7+ Kc3 73. Rc7+ Kb4 74. Rd7 Ka5 75. Rd6 Kb5 76. Rd5+ Kc6 77.
Rf5 Rh7+ 78. Rf7 Rh5 79. Rf6+ Kc5 80. Ke6 Rh7 81. Rf5+ Kc6 82. Rf7 Rh6+ 83. Rf6 Rh1 84. Kf7+ Kd5 85. Kg6 Rg1+ 86. Kf7 Ke5 87. Re6+ Kd5 88.
Rf6 Rh1 89. Rf5+ Ke4 90. Rf6 Ra1 91. Re6+ Kf5 92. Re7 Kg5 93. Re5+ Kh6 94. Re6+ Kh7 95. Re4 Rf1+ 96. Ke6 Kg7 97. Rg4+ Kf8 98. Ke5 Re1+ 99.
Re4 Rxe4+ 100. Kxe4 1/2-1/2

[Event "Late-Titled-Tuesday-Blitz-October-03-2023"]
[Site "Chess.com"]
[Date "2023.10.03"]
[Round "11"]
[White "Deeper44"]
[Black "ChadBiryani"]
[Result "1-0"]
[WhiteElo "2558"]
[BlackElo "2494"]
[TimeControl "180+1"]
[EndTime "16:04:06 PDT"]
[Termination "Deeper44 won by checkmate"]

1. d4 d5 2. c4 c6 3. Nf3 Nf6 4. Nc3 e6 5. e3 Nbd7 6. a3 Bd6 7. Be2 dxc4 8. Bxc4 O-O 9. O-O Qc7 10.
h3 e5 11. Bd2 exd4 12. exd4 Nb6 13. Ba2 Bf5 14. Rc1 a6 15. Re1 Rad8 16. Bg5 Be7 17. Qe2 Nc8 18. b4 h6 19. Bh4 Rde8 20. Ne5 Nb6 21.
Qf3 Bh7 22. a4 Qd8 23. a5 Nbd7 24. Na4 Bxb4 25. Nxf7 Rxf7 26. Bxf7+ Kxf7 27. Qb3+ Nd5 28. Bxd8 Rxd8 29. Red1 Nf6 30. Nc5 Rb8 31. Nd7 Nxd7 32. Kh2 Nf6 33. f3 Bf5 34. Re1 Bd7 35. g4 Bd6+ 36. Kg1 Kf8 37. Re5 Nf4 38. Rce1 Nxh3+ 39. Kg2 Nf4+ 40. Kf2 N6d5 41. Qc2 Bxe5 42. dxe5 Re8 43. Re4 Ne6 44. Qd2 Ng5 45. Re2 Ne6 46. Qb2 Bc8 47. Qa3+ Kf7 48. Kg3 Nef4 49. Re4 g5 50. Qd6 Be6 51. Qc5 Re7 52. Rd4 Rd7 53. Rd2 Ng6 54. Rb2 Nxe5 55. Qa7 Ng6 56. Rxb7 Rc7 57. Rxc7+ Nxc7 58. Qxc7+ Kf6 59. Qxc6 Ne5 60. Qxa6 Nc4 61. Qb5 Nd6 62.
Qb2+ Kf7 63. a6 Bd5 64. a7 Ba8 65. Qe5 Bc6 66. Qxd6 Ba8 67. Qc7+ Kg6 68. Qb8 h5 69. Qg8+ Kf6 70. Qh8+ Kg6 71. Qxh5+ Kf6 72. Qh6+ Kf7 73.
Qh7+ Kf8 74. Qh8+ Kf7 75. Qxa8 Kg6 76. Qc6+ Kg7 77. Kf2 Kh7 78. Ke3 Kg7 79. Ke4 Kh7 80.
Kf5 Kh8 81. Kxg5 Kg7 82. Kf4 Kf7 83. Kg3 Ke7 84. Kf2 Kf7 85. Ke3 Ke7 86. g5 Kf7 87. f4 Ke7 88. f5 Kf7 89. Qc7+ Kf8 90. a8=Q# 1-0

[Event "Late-Titled-Tuesday-Blitz-October-03-2023"]
[Site "Chess.com"]
[Date "2023.10.03"]
[Round "11"]
[White "Firouzja2003"]
[Black "ChristopherYoo"]
[Result "0-1"]
[WhiteElo "3123"]
[BlackElo "3023"]
[TimeControl "180+1"]
[EndTime "16:04:20 PDT"]
[Termination "ChristopherYoo won on time"]

1. Nf3 c5 2. e3 d5 3. b3 a6 4. Bb2 Nc6 5. Be2 Nf6 6. O-O Bg4 7. h3 Bh5 8. c4 dxc4 9. bxc4 e6 10. Nc3 Be7 11. Rb1 O-O 12. Ba1 Rb8 13. Na4 Bg6 14. d3 b5 15. Bxf6 gxf6 16. cxb5 axb5 17.
Nc3 Qa5 18. Rc1 Rfd8 19. a4 c4 20. d4 b4 21. Nb5 c3 22. Bc4 Qb6 23. Nh4 Na5 24.
Nxg6 hxg6 25. Bd3 Kg7 26. h4 Rh8 27. g3 Rbc8 28. Qf3 Nb3 29. Rcd1 Nd2 30. Rxd2 cxd2 31. Qe2 Qa5 32. Qxd2 Qxa4 33. Qb2 Ra8 34. Rc1 Rhc8 35.
Nc7 Rab8 36. Ba6 Rd8 37. h5 Qa3 38. Qb1 gxh5 39. Bc4 Rd6 40. Nb5 Rxb5 41. Bxb5 Rb6 42. Rc7 b3 43. Bc4 b2 44. Kg2 Qa1 45. Bd3 Bd6 46.
Rd7 Qxb1 47. Bxb1 Bb4 48. Rc7 Bd2 49. Rc2 Bc1 50. Rc7 Ra6 51. Rb7 Kf8 52. Kh3 f5 53. Kh4 Ra1 54. Bc2 Ra3 55. Kg5 Kg7 56. Bb1 Ra1 57. Bc2 Ra3 58. Kxh5 Rc3 59. Bb1 Rc8 60. Kg5 Rh8 61. Ba2 Rh6 62. Kf4 Kf6 63. d5 e5+ 64. Kf3 e4+ 65. Kf4 Rh2 66. Rb6+ Ke7 67.
d6+ Kd7 68. Ke5 Rxf2 69. Rb7+ Kc8 70. d7+ Kd8 71. Kd6 Rd2+ 72. Bd5 b1=Q 73. Rxb1 Ba3+ 74. Kc6 Rc2+ 75. Kb5 Rc5+ 76. Ka4 Rxd5 77. Kxa3 Rd3+ 78. Kb4 Rxe3 79. Kc5 Kxd7 80. Kd5 Rxg3 81. Ke5 Rf3 82.
Rd1+ Kc6 83. Rc1+ Kb5 84. Kd5 Kb4 85. Kd4 Kb3 86. Rb1+ Kc2 87. Ra1 Rd3+ 88. Kc4 Rd2 0-1